 Dungeon Crawl Stone Soup version 0.18.1-47-g9310371 (webtiles) character file.

80 Gargoyl the Skirmisher (level 4, -2/35 HPs)
             Began as a Demonspawn Abyssal Knight on June 19, 2016.
             Was a Believer of Lugonu.
             Slain by a gnoll
             ... wielding a +0 whip
              (4 damage)
             ... on level 2 of the Dungeon.
             The game lasted 00:05:04 (3079 turns).

Gargoyl the Skirmisher (Demonspawn Abyssal Knight)  Turns: 3079, Time: 00:05:04

Health: -2/35      AC:  3    Str: 13    XL:     4   Next: 18%
Magic:  15/15      EV: 12    Int: 13    God:    Lugonu [**....]
Gold:   76         SH:  0    Dex: 13    Spells: 0 memorised, 3 levels left

rFire  . . .     SeeInvis .     a - +1 hand axe
rCold  . . .     Gourm    .     b - +0 leather armour
rNeg   . . .     Faith    .     (no shield)
rPois  .         Spirit   .     (helmet restricted)
rElec  .         Dismiss  .     (no cloak)
rCorr  .         Reflect  .     (no gloves)
SustAt .         Harm     .     (no boots)
MR     .....                    (no amulet)
Stlth  +.........               (no ring)
                                f - ring of magical power

@: flying, not resistant to hostile enchantments, very unstealthy
A: antennae 1, claws 2
a: Depart the Abyss, Bend Space, Renounce Religion


You were on level 2 of the Dungeon.
You worshipped Lugonu.
Lugonu was pleased with you.
You were very hungry.

You visited 1 branch of the dungeon, and saw 2 of its levels.
You visited the Abyss 1 time.

You collected 76 gold pieces.

Inventory:

Hand Weapons
 a - a +1 hand axe (weapon)
Armour
 b - a +0 leather armour (worn)
Jewellery
 f - a ring of magical power (left claw)
 i - an uncursed ring of protection from fire {unknown}
Scrolls
 d - 2 scrolls of recharging {unknown}
 e - a scroll of remove curse {unknown}
 g - a scroll of random uselessness {unknown}
 h - 5 scrolls of identify {unknown}
 j - a scroll of amnesia {unknown}
 k - a scroll of enchant weapon {unknown}
 l - a scroll of teleportation {unknown}
 n - a scroll of noise {unknown}
Comestibles
 c - 5 bread rations


   Skills:
 + Level 3.5 Fighting
 + Level 2.1 Axes
 + Level 2.7 Armour
 + Level 1.8 Dodging
 + Level 2.8 Invocations


You had 3 spell levels left.
You didn't know any spells.

Dungeon Overview and Level Annotations

Branches:
Dungeon (2/15)

Altars:
Ashenzari


Innate Abilities, Weirdness & Mutations

You have a pair of small antennae on your head.
You have very sharp fingernails.


Message History

The gnoll hits you with a whip.
* * * LOW HITPOINT WARNING * * *
You hit the gnoll.
The gnoll is heavily wounded.
The gnoll hits you with a whip.
* * * LOW HITPOINT WARNING * * *
Your leather armour prevents you from hitting the gnoll.
The gnoll is heavily wounded.
The gnoll misses you.
You completely miss the gnoll.
The gnoll is heavily wounded.
The gnoll barely misses you.
You barely miss the gnoll.
The gnoll is heavily wounded.
The gnoll misses you. The gnoll hits you but does no damage.
Drink which item? (? for menu, Esc to quit)
It was a potion of flight.
You feel very buoyant.
You fly up into the air.
The gnoll hits you with a whip.
You die...

#.#.# #..# #.#
#.#....'...... #.#.#
#..####'##
#(#....##.#### ....#
#..#.....#
#.#....##..... #####
#..#.....#
#.#....#######
#..#.....#
#.#....##..... ..#..)..#
#.#.#'###....# #.....#
#.#.#.# #....#
#....g###.#.#.###....#
###.(@....#.#.##......
.###.......#.#.##......
....'..)(...#...##......
..###...(...#######'####
#######.........####
#..................
#.#################


You could see a gnoll.

Vanquished Creatures
  3 gnolls
  An adder (D:2)
  A dart slug (D:2)
  A giant gecko (D:1)
  5 bats
  12 hobgoblins
  A jackal (D:1)
  5 kobolds
  A giant newt (D:1)
  4 goblins
  3 rats
37 creatures vanquished.

Notes
Turn   | Place    | Note
--------------------------------------------------------------
     0 | Abyss:1  | Gargoyl the Demonspawn Abyssal Knight began the quest for the Orb.
     0 | Abyss:1  | Reached XP level 1. HP: 18/18 MP: 2/2
    18 | Abyss:1  | Found a bloodstained altar of Trog.
   113 | D:1      | Escaped the Abyss
   268 | D:1      | Reached skill level 1 in Dodging
   269 | D:1      | Reached * piety under Lugonu
   294 | D:1      | Gained mutation: You have a pair of small antennae on your head. [demonic ancestry]
   294 | D:1      | Reached XP level 2. HP: 21/24 MP: 3/3
  1324 | D:1      | HP: 1/24 [gnoll/club (9)]
  1325 | D:1      | Gained mutation: You have sharp fingernails. [demonic ancestry]
  1325 | D:1      | Reached XP level 3. HP: 1/29 MP: 5/5
  2635 | D:2      | Found a shattered altar of Ashenzari.
  2664 | D:2      | Reached ** piety under Lugonu
  2949 | D:2      | Gained mutation: You have very sharp fingernails. [demonic ancestry]
  2949 | D:2      | Reached XP level 4. HP: 28/35 MP: 6/6
  3079 | D:2      | Slain by a gnoll

Skill      XL: |  1  2 |
---------------+-------+-----
Armour         | 2 |  2.7
Dodging        | 1 |  1.8
Axes           | 2 |  2.1
Fighting       | |  3.5
Invocations    | |  2.8

Action                   |  1- 3 |  4- 6 || total
-------------------------+-------+-------++-------
Melee: Hand axe          |   122 |    21 ||   143
Invok: Depart the Abyss  |     1 |       ||     1
  Use: Potion            |       |     1 ||     1
  Eat: Chunk             |     5 |     1 ||     6
Armor: Leather armour    |    47 |     8 ||    55
Dodge: Dodged            |   105 |    20 ||   125
